 Dungeon Crawl Stone Soup version 0.28-a0-793-g31680bbd8b (webtiles) character file.

Game seed: 6379895363567215020

29 bande the Skirmisher (level 3, -2/24 HPs)
             Began as a Gargoyle Fighter on Nov 5, 2021.
             Slain by a hobgoblin (7 damage)
             ... on level 1 of the Dungeon.
             The game lasted 00:00:57 (742 turns).

bande the Skirmisher (Gargoyle Fighter)              Turns: 742, Time: 00:00:57

Health: -2/24      AC: 10    Str: 20    XL:     3   Next: 16%
Magic:  3/3        EV:  9    Int:  8    God:
Gold:   38         SH:  4    Dex:  9    Spells: 2/2 levels left

rFire   . . .      SeeInvis .   a - +0 war axe
rCold   . . .      Faith    .   c - +0 buckler
rNeg    + . .      Spirit   .   b - +0 scale mail
rPois   ∞          Reflect  .   (no helmet)
rElec   +          Harm     .   (no cloak)
rCorr   .          Rampage  .   (no gloves)
Will    .....                   (no boots)
Stlth   ..........              (no amulet)
HPRegen 0.08/turn               (no ring)
MPRegen 0.08/turn               (no ring)

@: no status effects
A: sickness immunity, AC +3, negative energy resistance 1, electricity
resistance, torment resistance 1, petrification resistance
a: no special abilities


You were on level 1 of the Dungeon.
You visited 1 branch of the dungeon, and saw 1 of its levels.

You collected 38 gold pieces.

Inventory:

Hand Weapons
 a - a +0 war axe (weapon)
Armour
 b - a +0 scale mail (worn)
 c - a +0 buckler (worn)
 e - a +0 ring mail of fire resistance
Scrolls
 f - a scroll of blinking {unknown}
Potions
 d - a potion of might


   Skills:
 + Level 3.7 Fighting
 + Level 2.3 Axes
 + Level 3.5 Armour
 + Level 3.5 Shields


You had 2 spell levels left.
You didn't know any spells.
Your spell library was empty.

Dungeon Overview and Level Annotations

Branches:
Dungeon (1/15)

Altars:


Innate Abilities, Weirdness & Mutations

You are immune to sickness and miasma.
Your stone body is resilient. (AC +3)
You are immune to poison.
You resist negative energy. (rN+)
You are resistant to electric shocks. (rElec)
You are resistant to unholy torment.
You are immune to petrification.


Message History

Found 19 stones.
A quokka comes into view.
A quokka is nearby!
A ball python and a hobgoblin come into view.
Found a scroll labelled TEM HAPYHUO.
The ball python hisses angrily.
The hobgoblin shouts!
You barely miss the quokka. The quokka closely misses you.
The quokka completely misses you.
You hit the ball python.
You kill the ball python!
You closely miss the quokka. The quokka closely misses you.
A gnoll comes into view. It is wielding a +0 flail.
You miss the quokka. The quokka barely misses you.
The quokka bites you but does no damage.
The hobgoblin misses you.
You closely miss the hobgoblin. You miss the quokka.
The quokka barely misses you.
The hobgoblin hits you with a +2 vorpal mace!
The quokka bites you but does no damage.
You barely miss the hobgoblin. You barely miss the quokka.
The quokka closely misses you.
The hobgoblin hits you with a +2 vorpal mace.
The quokka bites you but does no damage.
You barely miss the hobgoblin. You slash the quokka!
You kill the quokka!
The hobgoblin hits you with a +2 vorpal mace. x2
* * * LOW HITPOINT WARNING * * *
x2 You are too injured to fight recklessly!
You are too injured to fight recklessly!
You are too injured to fight recklessly!
You are too injured to fight recklessly!
You are too injured to fight recklessly!
You are too injured to fight recklessly!
You are too injured to fight recklessly!
You are too injured to fight recklessly!
You are too injured to fight recklessly!
Okay, then.
You closely miss the hobgoblin.
The hobgoblin hits you with a +2 vorpal mace!
You die...

.# #8..≈....≈....≈..
####.....#..≈..#.... ##
.##....####...####....#
.##..#######.#######.(#
.†.#..##... ......#
##...###.# ####.#...#
.........####........#
...#...[......##.#...#
.#.#...........#@#####
##...........#..>g.##
.................#g.##
.#............##.....#
#.#.....÷))..#..###.#
#.#.................# #
#..........#####.g#
##.........# #..#
#.........#..g†.##


You could see a gnoll and a hobgoblin.

Vanquished Creatures
  A dart slug (D:1)
  3 endoplasms (D:1)
  A giant cockroach (D:1)
  A goblin (D:1)
  5 hobgoblins (D:1)
  A quokka (D:1)
  4 ball pythons (D:1)
  2 bats (D:1)
  2 frilled lizards (D:1)
  3 kobolds (D:1)
  A rat (D:1)
24 creatures vanquished.

Notes
Turn   | Place    | Note
-------+----------+-------------------------------------------
     0 | D:1      | bande the Gargoyle Fighter began the quest for the Orb.
     0 | D:1      | Reached XP level 1. HP: 14/14 MP: 1/1
   135 | D:1      | Reached XP level 2. HP: 11/19 MP: 2/2
   530 | D:1      | Reached XP level 3. HP: 14/24 MP: 3/3
   742 | D:1      | Slain by a hobgoblin

Illustrated notes

Levels and vault maps discovered:
D:1:      eino_arrival_water_star, layout_rooms, minmay_split_cup_small

Skill      XL: |  1  2 |
---------------+-------+-----
Axes           | 2 |  2.3
Fighting       | |  3.7
Armour         | |  3.5
Shields        | |  3.5

Action                   || total
-------------------------++-------
Melee: War axe           ||    67
Armor: Scale mail        ||    49
Dodge: Dodged            ||    43
Block: Buckler           ||    16

Table legend: (Time is in decaauts)
 A = Elapsed time spent in this place.
 B = Non-inter-level travel time spent in this place.
 C = Inter-level travel time spent in this place.
 D = Time resting spent in this place.
 E = Time spent auto-exploring this place.
 F = Levels seen in this place.
 G = Mean time per level.
                   A        B        C        D        E       F      G
               +--------+--------+--------+--------+--------+-----+--------+
         Total |    770 |    770 |      0 |    164 |    440 |   1 |  770.0 |
       Dungeon |    770 |    770 |      0 |    164 |    440 |   1 |  770.0 |
               +--------+--------+--------+--------+--------+-----+--------+

Top non-repeatable levels by time:
     D:1: 770 daAuts
